Map: Cyber Forest LE

Players

Taku - Winner!

  • Race: Protoss Protoss
  • League: Diamond
  • Spawn Location: 11:00

BDCS

  • Race: Zerg Zerg
  • League: Diamond
  • Spawn Location: 5:00

VOD

Have the link to the VOD?

Description

ロボオールイン

Time

  • Played on: June 8, 2019, 10:59 a.m.
  • Length: 6:10
Show
View Real Time Build Order
Export as new Build Order

Taku Protoss - Winner!

Build Orders: 1 Gate Expand 

Get SALT Encoding   

  12  0:01  Probe  
  13  0:14  Probe  
  14  0:20  Pylon  
  14  0:26  Probe  
  15  0:36  Probe  
  15  0:40  Gateway  
  16  0:44  Probe  
  17  0:50  Assimilator  
  17  0:52  Probe  
  18  1:02  Probe  
  18  1:10  Probe  
  20  1:22  Probe  
  21  1:32  Nexus  
  21  1:38  Cybernetics Core  
  21  1:48  Assimilator  
  21  1:56  Probe  
  21  1:59  Pylon  
  21  2:08  Adept  
  21  2:12  Probe  
  22  2:19  Warp Gate  
  24  2:23  Robotics Facility  
  24  2:27  Probe  
  25  2:32  Stalker  
  25  2:39  Probe  
  28  2:47  Gateway  
  28  2:50  Probe  
  28  2:51  Probe  
  30  3:02  Probe, Twilight Council  
  31  3:06  Warp Prism  
  31  3:14  Probe x2  
  33  3:26  Probe x2  
  35  3:31  Gateway  
  35  3:37  Immortal  
  39  3:55  Charge  
  39  3:58  Pylon  
  39  4:02  Gateway  
  39  4:15  Stalker  
  41  4:19  Immortal  
  45  4:32  Pylon  
  45  4:36  Pylon  
  45  4:42  Gateway x2  
  45  4:44  Zealot x2  
  45  4:45  Gateway  
  49  5:20  Pylon  
  49  5:21  Pylon  
  49  5:26  Gateway  
  49  5:35  Zealot x4  
  57  5:55  Zealot  
  57  5:56  Zealot x6  
Show
View Real Time Build Order
Export as new Build Order

BDCS Zerg 

Build Orders: Hatch First 

Get SALT Encoding   

  12  0:01  Drone  
  13  0:12  Overlord  
  13  0:17  Drone  
  14  0:31  Drone x2  
  16  0:38  Drone  
  17  0:52  Hatchery  
  17  0:54  Drone  
  17  0:57  Drone  
  17  1:02  Extractor  
  17  1:14  Spawning Pool  
  17  1:16  Drone  
  17  1:28  Overlord  
  17  1:30  Drone  
  18  2:04  Metabolic Boost  
  18  2:08  Queen x2  
  20  2:09  Zergling x2  
  23  2:29  Hatchery  
  22  2:35  Drone x2  
  24  2:38  Drone  
  24  2:41  Drone  
  26  2:45  Drone  
  27  2:54  Queen  
  27  2:57  Drone  
  29  3:15  Zergling x4  
  29  3:16  Drone x3  
  29  3:19  Drone x2  
  36  3:23  Overlord  
  36  3:34  Overlord  
  36  3:39  Lair  
  36  3:41  Extractor  
  36  3:46  Roach Warren, Drone x2  
  36  3:47  Drone  
  36  3:48  Drone  
  38  3:56  Drone x3  
  38  3:59  Extractor, Drone  
  38  4:01  Extractor  
  38  4:02  Drone  
  41  4:06  Zergling x4  
  43  4:16  Drone  
  44  4:17  Spore Crawler  
  43  4:26  Overlord  
  43  4:31  Drone x5  
  48  4:35  Zergling x4  
  50  4:40  Overseer  
  50  4:42  Glial Reconstitution  
  50  4:43  Overlord  
  50  4:49  Evolution Chamber  
  50  4:51  Evolution Chamber  
  48  4:54  Drone  
  48  4:55  Drone x3  
  52  5:03  Zergling x8  
  55  5:10  Drone  
  55  5:11  Hydralisk Den  
  53  5:26  Drone x2  
  53  5:28  Drone x6  
  58  5:29  Drone  
  58  5:32  Drone  
  63  5:38  Overlord  
  63  5:41  Roach x2  
  63  5:42  Roach  
Tags
 
Add a new tag
Caveats
  • Supply blocks, unpowered buildings, or Contaminate may cause inaccurate times.
  • Supply counts are checked every 10 seconds.